 Dungeon Crawl Stone Soup version 0.31.0-12-g77e489cdc1 (webtiles) character file.

Game seed: 2376079100424471211

171 Doomgape the Covered (level 5, -1/34 HPs)
             Began as a Gargoyle Fighter on Feb 24, 2024.
             Incinerated by a bombardier beetle (3 damage)
             ... with a burning spray
             ... on level 3 of the Dungeon.
             The game lasted 00:02:54 (1946 turns).

Doomgape the Covered (Gargoyle Fighter)             Turns: 1946, Time: 00:02:55

Health: -1/34      AC: 11    Str: 22    XL:     5   Next: 51%
Magic:  5/5        EV:  9    Int:  8    God:
Gold:   117        SH:  4    Dex:  9    Spells: 4/4 levels left

rFire   . . .        a - +0 flail
rCold   . . .        c - +0 buckler
rNeg    + . .        b - +0 scale mail
rPois   ∞            (no helmet)
rElec   +            (no cloak)
rCorr   .            (no gloves)
SInv    .            (no boots)
Will    .....        (no amulet) Stlth
                     (no ring)
HPRegen 0.25/turn    (no ring)
MPRegen 0.09/turn

%: no passive effects
@: on fire, glowing
A: sickness immunity, AC +4, negative energy resistance 1, electricity
resistance, torment resistance 1, petrification resistance
a: no special abilities


You were on level 3 of the Dungeon.
You visited 1 branch of the dungeon, and saw 3 of its levels.

You collected 117 gold pieces.

Inventory:

Hand Weapons
 a - a +0 flail (weapon)
Armour
 b - a +0 scale mail (worn)
 c - a +0 buckler (worn)
Wands
 e - a wand of flame (21)
Scrolls
 f - 2 scrolls of revelation {unknown}
 g - a scroll of blinking
 h - a scroll of identify
Potions
 d - a potion of might
 i - 2 potions of invisibility
 j - a potion of curing
 k - a potion of mutation {unknown}


   Skills:
 + Level 4.3 Fighting
 + Level 3.2 Maces & Flails
 + Level 4.4 Armour
 - Level 4.2 Shields


You had 4 spell levels left.
You didn't know any spells.
Your spell library was empty.

Dungeon Overview and Level Annotations

Branches:
Dungeon (3/15)

Altars:


Innate Abilities, Weirdness & Mutations

You are immune to sickness and miasma.
Your stone body is resilient. (AC +4)
You are immune to poison.
You resist negative energy. (rN+)
You are resistant to electric shocks. (rElec)
You are resistant to unholy torment.
You are immune to petrification.


Message History

You are covered in liquid fire!
Unknown command.
Unknown command.
Unknown command.
Unknown command.
Unknown command.
Unknown command.
Unknown command.
Unknown command.
Unknown command.
Unknown command.
Unknown command.
Unknown command.
You hit the bombardier beetle.
The bombardier beetle is almost dead.
The liquid fire burns you!
The bombardier beetle bites you but does no damage.
You barely miss the bombardier beetle.
The bombardier beetle is almost dead.
The liquid fire burns you!
The bombardier beetle barely misses you.
You barely miss the bombardier beetle.
The bombardier beetle is almost dead.
The liquid fire burns you!
You closely miss the bombardier beetle.
The bombardier beetle is almost dead.
The liquid fire burns you!
The bombardier beetle bites you but does no damage.
You closely miss the bombardier beetle.
The bombardier beetle is almost dead.
The liquid fire burns you!
* * * LOW HITPOINT WARNING * * *
The bombardier beetle bites you but does no damage.
You sock the bombardier beetle!
You kill the bombardier beetle!
The liquid fire burns you!
* * * LOW HITPOINT WARNING * * *
You shake off some of the fire as you move.
The liquid fire burns you!
You die...

#.#######.###
#...........####
######..#.......
#.)#...#
#....<.#
##.#...# #.#...#
#.....# ###@..#
#...# #...#
#...# ..>..
...... .......
##...####


There were no monsters in sight!

Vanquished Creatures
  A bombardier beetle (D:3)
  Terence (D:2)
  Natasha (thrice) (D:2)
  2 dart slugs
  2 ball pythons (D:1)
  2 bats (D:1)
  2 endoplasms (D:1)
  2 giant cockroaches
  6 goblins
  A hobgoblin (D:2)
  2 jackals (D:2)
  3 quokkas
  A frilled lizard (D:2)
  3 kobolds
  2 rats (D:1)
33 creatures vanquished.

Notes
Turn   | Place    | Note
-------+----------+-------------------------------------------
     0 | D:1      | Doomgape the Gargoyle Fighter began the quest for the Orb.
     0 | D:1      | Reached XP level 1. HP: 14/14 MP: 1/1
   243 | D:1      | Reached XP level 2. HP: 19/19 MP: 2/2
   682 | D:1      | You fall into a shaft and drop 1 floor!
   882 | D:2      | Found a faded altar of an unknown god.
  1017 | D:2      | Reached XP level 3. HP: 23/23 MP: 3/3
  1118 | D:2      | Noticed Natasha
  1134 | D:2      | Killed Natasha
  1274 | D:2      | Noticed Terence
  1290 | D:2      | Killed Terence
  1291 | D:2      | Reached XP level 4. HP: 15/29 MP: 4/4
  1556 | D:2      | Noticed Natasha
  1565 | D:2      | Killed Natasha
  1744 | D:2      | Noticed Natasha
  1752 | D:2      | Killed Natasha
  1753 | D:2      | Reached XP level 5. HP: 22/33 MP: 5/5
  1946 | D:3      | Incinerated by a bombardier beetle

Illustrated notes

Levels and vault maps discovered:
D:1:      ncdulo_lavacross, layout_basic, minivault_14
D:2:      layout_loops_ring, hellmonk_ecumenical_altar_prayer_group,
          roderic_lattice_a, uniq_terence, uniq_natasha
D:3:      layout_loops_cross, uniq_grinder

Skill      XL: |  1  2  3  4 |
---------------+-------------+-----
Armour         | 4 |  4.4
Shields        | 4 |  4.2
Fighting       | 4 |  4.3
Maces & Flails | 3 |  3.2

Action                     |  1- 3 |  4- 6 || total
---------------------------+-------+-------++-------
  Melee: Flail             |   122 |    27 ||   149
    Use: Scroll            |     3 |       ||     3
         Potion            |     2 |       ||     2
 Armour: Scale mail        |    91 |    18 ||   109
  Dodge: Dodged            |    65 |    10 ||    75
  Block: Buckler           |    22 |     2 ||    24
